AoeStats
← Michi3052

Arabia

504132312Analyzed
1v1 RM · 1mo ago on Sep 4, 2026· 54m 5s· 2 players
Game mode
Random Map
Map size
Tiny (2 player)
Population
200
Speed
Normal
Resources
Standard
Victory
Conquest
Starting age
Dark Age
Ending age
Imperial Age
RankedLock teamsTeams togetherTeam positionsShared explorationLock speedFull tech treeHidden civsTurbo modeCheats
Victory
Defeat
🇧🇷 Tatars · Brazil
740
+15
🇪🇸 Saracens · Spain
709
-15
Michi3052
9:17 Loom
11:30 Feudal Age
15:02 Double-Bit Axe
21:02 Castle Age
19:43 Horse Collar
20:47 Gold Mining
23:23 Wheelbarrow
23:22 Fletching
26:41 Bodkin Arrow
27:25 Town Watch
31:33 Heavy Plow
34:40 Gold Shaft Mining
35:31 Stone Mining
38:09 Hand Cart
41:47 Imperial Age
41:13 Masonry
42:55 Conscription
42:58 Padded Archer Armor
44:04 Thumb Ring
43:23 Elite Skirmisher
44:44 Hoardings
47:11 Chemistry
46:32 Ballistics
48:39 Gambesons
48:56 Squires
48:41 Arson
49:01 Elite Mameluke
imhotep2720
7:57 Loom
10:17 Feudal Age
11:16 Double-Bit Axe
11:12 Horse Collar
18:45 Fletching
22:59 Castle Age
23:09 Crossbowman
24:44 Bow Saw
24:35 Heavy Plow
24:37 Bodkin Arrow
26:42 Padded Archer Armor
28:06 Gold Mining
30:14 Ballistics
30:58 Murder Holes
32:07 Wheelbarrow
32:30 Leather Archer Armor
35:20 Treadmill Crane
35:52 Masonry
43:18 Imperial Age
41:04 Hand Cart
41:23 Silk Armor
41:31 Scale Mail Armor
41:37 Scale Barding Armor
43:47 Chain Barding Armor
43:37 Heated Shot
44:29 Gold Shaft Mining
45:59 Crop Rotation
44:59 Heavy Cavalry Archer
47:19 Timurid Siegecraft
47:29 Elite Skirmisher
49:18 Chemistry
Connection lost

Rejoining the realm…

Still unreachable

The connection could not be restored.

Session expired

The server has moved on; the page needs a fresh start.